 Dungeon Crawl Stone Soup version 0.27.1-35-g4d5d836560 (console) character file.

Game seed: 7678881145895534866

50 grimtooth the Skirmisher (level 3, 0/31 HPs)
             Began as a Palentonga Abyssal Knight on June 9, 2022.
             Was a Follower of Lugonu.
             Succumbed to an adder's poison
             ... on level 2 of the Dungeon.
             The game lasted 00:05:45 (1150 turns).

grimtooth the Skirmisher (PaAK)                     Turns: 1150, Time: 00:05:45

Health: 0/31       AC:  5    Str: 15    XL:     3   Next: 55%
Magic:  4/4        EV:  9    Int: 13    God:    Lugonu [*.....]
Gold:   20         SH:  0    Dex:  9    Spells: 2/2 levels left

rFire    . . .     SeeInvis +   a - +1 mace
rCold    . . .     Faith    .   (no shield)
rNeg     . . .     Spirit   .   b - +0 leather armour
rPois    .         Reflect  .   (no helmet)
rElec    .         Harm     .   (no cloak)
rCorr    .         Rampage  .   j - +0 pair of gloves
Will     .....                  (no barding)
Stlth    +.........             (no amulet)
HPRegen  0.10/turn              (no ring)
MPRegen  0.09/turn              (no ring)

@: brilliant, lethally poisoned (0 -> -7), flying
A: large, rugged brown scales 3, see invisible, deformed body, roll 1, armoured
tail
a: Rolling Charge, Renounce Religion, Depart the Abyss


You were on level 2 of the Dungeon.
You worshipped Lugonu.
Lugonu was aware of your devotion.
You visited 1 branch of the dungeon, and saw 2 of its levels.
You visited the Abyss 1 time.

You collected 20 gold pieces.

Inventory:

Hand Weapons
 a - a +1 mace (weapon)
Missiles
 f - 16 stones (quivered)
 g - 11 boomerangs
Armour
 b - a +0 leather armour (worn)
 j - a +0 pair of gloves (worn)
Scrolls
 c - a scroll of teleportation {unknown}
 e - a scroll of identify {unknown}
 h - a scroll of holy word {unknown}


   Skills:
 + Level 3.5 Fighting
 * Level 3.4 Maces & Flails
 - Level 1.5 Armour
 - Level 0.7 Dodging
 - Level 2.0 Invocations


You had 2 spell levels left.
You didn't know any spells.
Your spell library contained the following spells:

 Spells                   Type           Power      Damage    Failure   Level
 Sublimation of Blood     Necr           0%         N/A       50%         2
 Tukima's Dance           Hex            0%         N/A       75%         3
 Passage of Golubria      Tloc           N/A        N/A       98%         4
 Petrify                  Tmut/Erth      0%         N/A       98%         4
 Irradiate                Conj/Tmut      0%         3d13      100%        5
 Yara's Violent Unravell  Hex/Tmut       0%         3d3       100%        5


Dungeon Overview and Level Annotations

Branches:
Dungeon (2/15)

Altars:


Innate Abilities, Weirdness & Mutations

You are completely covered in rugged brown scales. (AC +3, +7% HP)
You have supernaturally acute eyesight. (SInv)
Armour fits poorly on your strangely shaped body.
You can roll at nearby foes to attack.
You have a long armoured tail.


Message History

The adder is heavily wounded.
You feel sick. The adder barely misses you.
The frilled lizard barely misses you. The adder closely misses you.
The frilled lizard barely misses you.
You closely miss the adder.
The adder is heavily wounded.
You feel sick. The adder bites you but does no damage.
The frilled lizard bites you but does no damage.
The adder bites you.
* * * LOW HITPOINT WARNING * * *
You hit the adder.
The adder is severely wounded.
You feel sick.
You are no longer poisoned.
The adder bites you.
* * * LOW HITPOINT WARNING * * *
The frilled lizard bites you but does no damage.
You hit the adder.
The adder is almost dead.
The adder bites you.
* * * LOW HITPOINT WARNING * * *
You are poisoned.
The adder poisons you! The frilled lizard closely misses you.
The adder bites you.
* * * LOW HITPOINT WARNING * * *
You are lethally poisoned!
The adder poisons you!
Enter note: - double adders, what fun
Okay, then.
It was a potion of brilliance.
You feel clever all of a sudden.
* * * LOW HITPOINT WARNING * * *
You feel sick.
The frilled lizard bites you but does no damage.
The adder bites you.
* * * LOW HITPOINT WARNING * * *
It was a potion of flight.
You feel very buoyant.
You fly up into the air.
You die...

§§##§.§#<####
#####.# #.†..#
#.#### #.# #.#
#.# ##### #†#
### ...# #.#
.....###l###.#
#...SS@.....#
.....###.#####
### #.# ..#
####


You could see 2 adders and a frilled lizard.

Vanquished Creatures
  An adder (D:2)
  An adder zombie (D:2)
  A dart slug (D:2)
  2 bats
  A bat skeleton (D:2)
  3 endoplasms
  A giant cockroach (D:1)
  4 goblins (D:1)
  2 hobgoblins (D:1)
  5 jackals (D:2)
  2 kobolds (D:1)
  A quokka (D:2)
  A ball python (D:2)
  A ball python zombie (D:2)
  A frilled lizard (D:2)
  5 rats
32 creatures vanquished.

Notes
Turn   | Place    | Note
-------+----------+-------------------------------------------
     0 | Abyss:1  | grimtooth the Palentonga Abyssal Knight began the quest for
                  | the Orb.
     0 | Abyss:1  | Reached XP level 1. HP: 19/19 MP: 2/2
    11 | Abyss:1  | Noticed a ynoxinul
    12 | Abyss:1  | - wow that could have been instakill
    12 | D:1      | Escaped the Abyss
   134 | D:1      | Found a faded altar of an unknown god.
   232 | D:1      | Reached XP level 2. HP: 25/25 MP: 3/3
   403 | D:1      | You fall into a shaft and drop 1 floor!
   425 | D:2      | Reached * piety under Lugonu
   457 | D:2      | Reached XP level 3. HP: 13/31 MP: 4/4
   478 | D:2      | - how ignominious
   479 | D:2      | - whew
  1149 | D:2      | - double adders, what fun
  1150 | D:2      | Succumbed to an adder's poison

Illustrated notes

. .## .. #.....#
. ...#.#. . #
.....#. .# .. .
..§#.######..# ..
..###...#.#....
....#)...........
##. #.###..#.#
.....#......# .#
#. #.###@##
#...##.
...#3........# #.
. _...#.###.....#
#..###...#...#
..#.## #...#....
# .....
#.#..#..#. .#
.... ..#...#..#.#
# ##.. ..#
....####.... #.
#.. .#.#. #.. ##
.... # ..##.


Turn 12 on Abyss:1: - wow that could have been instakill #h##.##.#.. #.......#.#
#.......#.# #.##.#.##.# ≈..########.##......# §≈........#.####.##.#####.#
§P..#####.#....#.##.......# § .......††..##..######...# #.#####.###.##.# .#
#.......# #.##.# #######†###@##.# ##..Z##.## ##....## #.#### ...# ##..# #>..
#... .≈.. ≈≈.≈. Turn 478 on D:2: - how ignominious #h##.##.#.. #.......#.#
#.......#.# #.##.#.##.# ≈..########.##......# §≈........#.####.##.#####.#
§P..#####.#....#.##.......# § .......††..##..######...# #.#####.###.##.# .#
#.......# #.##.# #######†###@##.# ##..†##.## ##....## #.#### ...# ##..# #>..
#... .≈.. ≈≈.≈. Turn 479 on D:2: - whew §§##§.§#<#### #####.# #.†..# #.#### #.#
#.# #.# ##### #†# ### ...# #.# .....###l###.# #...SS@.....# .....###.##### ###
#.# ..# #### Turn 1149 on D:2: - double adders, what fun

Levels and vault maps discovered:
D:1:      lemuel_arrival_muddy, layout_basic, ebering_ecumenical_altar_webs
D:2:      layout_loops_cross, serial_undead, serial_undead_f, serial_undead_f,
          serial_undead_e, serial_undead_a, serial_bayou_pond_e

Skill      XL: |  1  2 |
---------------+-------+-----
Maces & Flails | 3 |  3.4
Fighting       | |  3.5
Armour         | |  1.5
Dodging        | |  0.7
Invocations    | |  2.0

Action                   || total
-------------------------++-------
Melee: Mace              ||    81
       Tailslap          ||     3
Throw: Stone             ||     1
Invok: Depart the Abyss  ||     1
 Abil: Rolling Charge    ||    17
  Use: Potion            ||     2
Armor: Leather armour    ||    53
Dodge: Dodged            ||    39
